 Dungeon Crawl Stone Soup version 0.19-a0-261-g60b6c46 (webtiles) character file.

585 AllRandomAllDemise the Ruffian (level 7, -7/67 HPs)
             Began as a Troll Chaos Knight on May 25, 2016.
             Mangled by an ice devil (23 damage)
             ... summoned by Xom
             ... on level 4 of the Dungeon.
             The game lasted 00:03:01 (2433 turns).

AllRandomAllDemise the Ruffian (Troll Chaos Knight) Turns: 2433, Time: 00:03:02

Health: -7/67      AC:  8    Str: 19    XL:     7   Next: 15%
Magic:  6/6        EV: 10    Int:  4    God:    Xom [......]
Gold:   157        SH:  0    Dex: 11    Spells: 0 memorised, 6 levels left

rFire  . . .     SeeInvis .       - Unarmed
rCold  . . .     Gourm    +     a - +2 robe
rNeg   . . .     Faith    .     (no shield)
rPois  .         Spirit   .     (helmet restricted)
rElec  +         Dismiss  .     q - +0 cloak
rCorr  .         Reflect  .     (gloves unavailable)
SustAt .         Harm     .     (boots unavailable)
MR     .....     Clarity  +     (no amulet)
Stlth  +.........               (no ring)
                                (no ring)

@: not resistant to hostile enchantments, very unstealthy
A: unfitting armour, claws 3, blurry vision 1, clarity, dopey 2, fast metabolism
3, gourmand, high mp 1, sense surroundings 1, regeneration 2, screaming 1,
shaggy fur 1, electricity resistance, tough skin 2, weak 1
a: Renounce Religion


You were on level 4 of the Dungeon.
You worshipped Xom.
You were a very special plaything of Xom.
You were very full.

You visited 1 branch of the dungeon, and saw 4 of its levels.

You collected 157 gold pieces.

Inventory:

Missiles
 e - 121 stones (quivered)
Armour
 a - a +2 robe (worn)
 q - a +0 cloak (worn)
Scrolls
 d - 2 scrolls of noise {unknown}
 g - a scroll of blinking {unknown}
 i - a scroll of magic mapping {unknown}
 j - 2 scrolls of random uselessness {unknown}
 k - a scroll of fog {unknown}
 l - a scroll of identify {unknown}
 m - 3 scrolls of remove curse {unknown}
 p - a scroll of recharging {unknown}
 r - a scroll of enchant armour {unknown}
Potions
 f - 2 potions of brilliance {unknown}
 h - a potion of might {unknown}
 o - a potion of magic {unknown}
 s - a potion of haste {unknown}
Comestibles
 b - 5 bread rations
 c - a slice of pizza
 n - 3 fruits


   Skills:
 + Level 3.4 Fighting
 - Level 1.9 Dodging
 * Level 7.7 Unarmed Combat


You had 6 spell levels left.
You didn't know any spells.

Dungeon Overview and Level Annotations

Branches:
Dungeon (4/15)
 Temple: D:4-7

Altars:
Cheibriados
Dithmenos
Sif Muna
Xom


Innate Abilities, Weirdness & Mutations

You are too large for most types of armour.
You have claws for hands.
Your metabolism is lightning-fast.
You like to eat raw meat.
You heal very quickly.
You are covered in fur. (AC +1)
You have very tough skin. (AC +2)
Scrolls take you a little longer to read.
You possess an exceptional clarity of mind.
You are very dopey. (Int -4)
You have an increased reservoir of magic. (+10% MP)
You passively map a small area around you.
You occasionally shout uncontrollably at your foes.
You are resistant to electric shocks. (rElec)
You are weak. (Str -2)


Message History

You resist.
Unknown command.
You scratch the sixfirhy.
The sixfirhy is moderately wounded.
The sixfirhy hits you. The sixfirhy shocks you. You resist.
The sixfirhy hits you. The sixfirhy shocks you. You resist.
The sixfirhy barely misses you. The ice devil hits you!
The ice devil freezes you!!
* * * LOW HITPOINT WARNING * * *
The sixfirhy barely misses you.
Unknown command.
Unknown command.
Read which item? (? for menu, Esc to quit)
Really read with blurry vision while enemies are nearby?
The ice devil hits you but does no damage.
You begin reading the scroll.
You continue reading the scroll.
The ice devil hits you.
* * * LOW HITPOINT WARNING * * *
The ice devil freezes you!!
You die...

##...## #.....# ###§####.
##.....## ###.### #.§...##.
#.......## ##.#.# #§###.##.
.........####....########.# #.###
.........+................###....
.......>.####....####.###.....###
#.......## ##.#.# #.# ###..##
##.....## ###.# #.# ###.##
##...## #@# #.# #...# ##'## ##4#
#.# #.#.# #.# #54# #.# #.#.# #.#
#a## #.###.#.# ##.## #.*
#.......# ##...## #. #####.#####
#.....# #. #.....# ##...######*
#. #####.### ####........ ..
#....


You could see an ice devil, a sixfirhy, a worker ant and a quasit.

Vanquished Creatures
  Menkaure (D:4)
  A phantom (D:4)
  The ghost of did4411 the Skirmisher, an amateur GrFi (D:3)
  An orc priest (D:3)
  A hound (D:4)
  Crazy Yiuf (D:2)
  Terence (D:2)
  Natasha (twice) (D:4)
  A howler monkey skeleton (D:4)
  7 oozes
  2 worms (D:2)
  2 dart slugs (D:2)
  A giant gecko (D:1)
  6 orcs (D:3)
  7 bats
  8 giant cockroaches
  5 goblins
  9 hobgoblins
  10 jackals
  4 kobolds
  2 quokkas (D:2)
  A giant newt (D:2)
  12 rats
86 creatures vanquished.

Notes
Turn   | Place    | Note
--------------------------------------------------------------
     0 | D:1      | AllRandomAllDemise the Troll Chaos Knight began the quest for the Orb.
     0 | D:1      | Reached XP level 1. HP: 22/22 MP: 0/0
     0 | D:1      | god damn
     0 | D:1      | 2/4 have been xom
     0 | D:1      | pls
     3 | D:1      | Found a runed door.
    27 | D:1      | XOM: harmless Pois miscast
    31 | D:1      | Reached XP level 2. HP: 29/29 MP: 1/1
    34 | D:1      | Reached skill level 4 in Unarmed Combat
    39 | D:1      | Reached XP level 3. HP: 35/36 MP: 2/2
   353 | D:1      | XOM: give mutations
   353 | D:1      | Gained mutation: You possess an exceptional clarity of mind. [Xom's grace]
   353 | D:1      | Gained mutation: You are agile. (Dex +2) [Xom's grace]
   353 | D:1      | Gained mutation: You are resistant to electric shocks. (rElec) [Xom's grace]
   353 | D:1      | Gained mutation: You passively map a small area around you. [Xom's grace]
   713 | D:2      | XOM: noise
   736 | D:2      | Reached XP level 4. HP: 44/44 MP: 3/3
   745 | D:2      | Found a deep blue altar of Sif Muna.
   751 | D:2      | Found a snail-covered altar of Cheibriados.
   829 | D:2      | Reached skill level 5 in Unarmed Combat
   915 | D:2      | XOM: vitrification
  1206 | D:2      | Found a shadowy altar of Dithmenos.
  1212 | D:2      | XOM: scenery: create altars
  1280 | D:2      | XOM: divination: detect items
  1281 | D:2      | Noticed Terence
  1294 | D:2      | Killed Terence
  1349 | D:2      | Noticed Crazy Yiuf
  1349 | D:2      | XOM: harmless Erth miscast
  1354 | D:2      | Killed Crazy Yiuf
  1354 | D:2      | Reached XP level 5. HP: 40/50 MP: 4/4
  1474 | D:3      | Noticed did4411's ghost (amateur GrFi)
  1474 | D:3      | XOM: potion effect (haste)
  1489 | D:3      | Killed did4411's ghost
  1489 | D:3      | Reached skill level 6 in Unarmed Combat
  1573 | D:3      | XOM: potion effect (invisibility)
  1584 | D:3      | Reached XP level 6. HP: 42/59 MP: 5/5
  1596 | D:3      | XOM: harmless Necr miscast
  1618 | D:3      | XOM: harmless Divn miscast
  2069 | D:4      | XOM is BORED!
  2069 | D:4      | XOM: give mutations
  2069 | D:4      | Lost mutation: You are agile. (Dex +2) [Xom's mischief]
  2069 | D:4      | Gained mutation: You are dopey. (Int -2) [Xom's mischief]
  2069 | D:4      | Gained mutation: Scrolls take you a little longer to read. [Xom's mischief]
  2079 | D:4      | XOM: give mutations
  2079 | D:4      | Gained mutation: You have an increased reservoir of magic. (+10% MP) [Xom's mischief]
  2079 | D:4      | Gained mutation: You are weak. (Str -2) [Xom's mischief]
  2141 | D:4      | Noticed Natasha
  2148 | D:4      | Killed Natasha
  2217 | D:4      | XOM: give mutations
  2217 | D:4      | Gained mutation: You occasionally shout uncontrollably at your foes. [Xom's mischief]
  2217 | D:4      | Gained mutation: You are very dopey. (Int -4) [Xom's mischief]
  2234 | D:4      | Noticed Natasha
  2238 | D:4      | Killed Natasha
  2238 | D:4      | Reached skill level 7 in Unarmed Combat
  2300 | D:4      | XOM: mild Hex miscast
  2330 | D:4      | Noticed Menkaure
  2335 | D:4      | XOM: severe Erth miscast
  2336 | D:4      | Killed Menkaure
  2366 | D:4      | Reached XP level 7. HP: 61/67 MP: 6/6
  2377 | D:4      | XOM: colour smoke trail
  2425 | D:4      | XOM: summons 3 hostile demons
  2426 | D:4      | Noticed a sixfirhy
  2426 | D:4      | Noticed an ice devil
  2433 | D:4      | Mangled by an ice devil

Vault maps used:
D:1:      dpeg_arrival_caged_fury
D:2:      nicolae_dithmenos_through_a_glass_darkly, grunt_temple_overflow_open,
          kennysheep_pointless_box, minmay_tree_intersection,
          uniq_crazy_yiuf_cottage, uniq_terence
D:3:      minivault_24
D:4:      first_bread, uniq_menkaure, uniq_edmund, uniq_natasha

Skill      XL: |  1  2  3  4  5  6 |
---------------+-------------------+-----
Unarmed Combat | 4 5 6 7 |  7.7
Fighting       | 3 |  3.4
Dodging        | |  1.9

Action                   |  1- 3 |  4- 6 |  7- 9 || total
-------------------------+-------+-------+-------++-------
Melee: Unarmed           |    71 |   115 |     4 ||   190
       Punch             |     1 |     4 |       ||     5
Throw: Stone             |       |     2 |       ||     2
 Stab: Invisible         |       |     1 |       ||     1
  Eat: Chunk             |    12 |    15 |       ||    27
Armor: Robe              |    27 |    39 |     4 ||    70
Dodge: Dodged            |    39 |    46 |     4 ||    89
